 Dungeon Crawl Stone Soup version 0.28.0-43-g3370ac3207 (webtiles) character file.

Game seed: 2951062513281648016

2468 Morg0th the Grappler (level 9, -8/87 HPs)
             Began as a Troll Berserker on Mar 11, 2022.
             Was an Elder of Trog.
             Mangled by an orc warrior
             ... wielding a +0 halberd
              (9 damage)
             ... on level 7 of the Dungeon on Mar 12, 2022.
             The game lasted 00:26:46 (5978 turns).

Morg0th the Grappler (Troll Berserker)              Turns: 5978, Time: 00:26:47

Health: -8/87      AC:  9    Str: 27    XL:     9   Next: 26%
Magic:  8/8        EV: 10    Int:  5    God:    Trog [****..]
Gold:   455        SH:  0    Dex: 11    Spells: 8/8 levels left

rFire   . . .      SeeInvis .     - Unarmed
rCold   + . .      Faith    .   (no shield)
rNeg    . . .      Spirit   .   a - +1 animal skin
rPois   .          Reflect  .   (helmet restricted)
rElec   .          Harm     .   (no cloak)
rCorr   .          Rampage  .   (gloves unavailable)
Will    ++...                   (boots unavailable)
Stlth   +.........              (no amulet)
HPRegen 2.04/turn               k - +4 ring of protection
MPRegen 0.11/turn               q - ring of protection from cold

@: strong-willed, on berserk cooldown, regenerating, slowed, very slow
A: large, unfitting armour, claws 3, regeneration 1, shaggy fur 1, tough skin 1
a: Renounce Religion, Berserk, Trog's Hand, Brothers in Arms


You were on level 7 of the Dungeon.
You worshipped Trog.
Trog was greatly pleased with you.
You visited 2 branches of the dungeon, and saw 9 of its levels.

You collected 455 gold pieces.

Inventory:

Hand Weapons
 b - a +3 dagger
 c - a +1 hunting sling
Missiles
 e - 191 stones (quivered)
 m - 73 sling bullets
Armour
 a - a +1 animal skin (worn)
 o - the +1 leather armour "Vedduid" {rPois rN+ Will++}
   (You found it on level 5 of the Dungeon)

   rPois:     It protects you from poison.
   rN:        It protects you from negative energy.
   Will:      It greatly increases your willpower.
Jewellery
 k - a +4 ring of protection (left claw)
 q - a ring of protection from cold (right claw)
Wands
 j - a wand of flame (37)
 n - a wand of polymorph (4)
 s - a wand of mindburst (10)
 t - a wand of iceblast (6)
Scrolls
 f - 4 scrolls of identify
 p - 2 scrolls of teleportation
 r - 2 scrolls of enchant armour
 v - a scroll of enchant weapon
 w - a scroll of fear
Potions
 d - a potion of haste
 g - 4 potions of flight
 h - 2 potions of magic
 l - 4 potions of curing


   Skills:
 + Level 4.9 Fighting
 + Level 2.0 Slings
 - Level 0.3(1.7) Throwing
 - Level 2.4 Dodging
 + Level 11.3 Unarmed Combat


You had 8 spell levels left.
You didn't know any spells.
Your spell library was empty.

Dungeon Overview and Level Annotations

Branches:
Dungeon (8/15)             Temple (1/1) D:5
   Lair: D:8-11

Altars:
Ashenzari
Cheibriados
Elyvilon
Fedhas
Gozag
Hepliaklqana
Kikubaaqudgha
Makhleb
Nemelex Xobeh
Okawaru
Qazlal
Ru
Sif Muna
Trog
Uskayaw
Vehumet
Wu Jian
Xom
Yredelemnul
Zin
The Shining One

Annotations:
D:5 exclusion: shadow
D:7 Joseph


Innate Abilities, Weirdness & Mutations

You are too large for most types of armour.
You have claws for hands.
Your natural rate of healing is unusually fast.
You are covered in fur. (AC +1)
You have tough skin. (AC +1)


Message History

A red film seems to cover your vision as you go berserk!
You feel yourself moving faster!
You feel mighty!
Menkaure calls on the powers of darkness!
Your body is wracked with pain!
* * * LOW HITPOINT WARNING * * *
The orc warrior convulses!
Your black bear convulses!
Joseph convulses!
Your black bear barely misses the orc warrior.
Your black bear misses the orc warrior.
Your black bear barely misses the orc warrior.
The orc warrior closely misses you.
You feel a strong urge to attack something.
Your black bear bites the orc warrior!
Your black bear barely misses the orc warrior.
Your black bear claws the orc warrior but does no damage.
Things that are here:
a +0 battleaxe; a +0 robe The wyvern bites your black bear!!
Your black bear dies!
Your black bear's corpse disappears in a puff of smoke!
You feel your anger nearly subside.
You are no longer berserk.
You are exhausted.
You feel yourself slow down.
You scratch Menkaure.
You destroy Menkaure!
Trog accepts your kill.
Trog appreciates your killing of a magic user.
The wyvern bites you!
* * * LOW HITPOINT WARNING * * *
The orc warrior hits you but does no damage.
The wyvern bites you.
* * * LOW HITPOINT WARNING * * *
You fail to use your ability.
The orc priest calls upon Beogh to heal the orc warrior.
The orc warrior is healed somewhat.
The wyvern bites you!
* * * LOW HITPOINT WARNING * * *
The orc warrior hits you from afar with a +0 halberd!
You die...

...#.#.##.....#.#)...#
.#
..##...##.###.#.#.o###
_....####.# #...#).#
..##.# #.# #..[#..#
...#.# #.# #......#
.#...# #.####..#..#
.##..# #.....@o#..#
.....##########.l.##
...#.##........#@.#
...#..)........#.(#
..#####........#..#
.....##........#.>#
####.##........####
#.##........#
#.##........#
#.##........#
#...........#


You could see Joseph, an orc warrior, a wyvern and an orc priest.

Vanquished Creatures
  A two-headed ogre (D:7)
  A shadow (D:5)
  Menkaure (D:7)
  A water moccasin (D:7)
  2 black bears
  An ogre (D:6)
  Blork the orc (D:4)
  A bullfrog (D:8)
  2 scorpions
  A wyvern skeleton (D:6)
  3 wights (D:7)
  A centaur zombie (D:5)
  A bullfrog zombie (D:5)
  4 orc priests
  5 hounds
  A jelly (D:4)
  A gnoll shaman (D:6)
  An iguana (D:4)
  A bullfrog skeleton (D:7)
  3 orc wizards
  2 killer bee zombies
  2 hound skeletons (D:4)
  Robin (D:2)
  4 gnolls
  6 adders
  A howler monkey skeleton (D:4)
  An adder skeleton (D:4)
  A worm (D:3)
  21 orcs
  9 ball pythons
  7 endoplasms
  A giant cockroach (D:2)
  14 goblins
  14 hobgoblins
  9 jackals
  8 kobolds
  13 quokkas
  7 bats
  3 frilled lizards
  7 rats
164 creatures vanquished.

Notes
Turn   | Place    | Note
-------+----------+-------------------------------------------
     0 | D:1      | Morg0th the Troll Berserker began the quest for the Orb.
     0 | D:1      | Reached XP level 1. HP: 22/22 MP: 0/0
   121 | D:1      | Reached XP level 2. HP: 29/29 MP: 1/1
   332 | D:1      | Reached XP level 3. HP: 35/36 MP: 2/2
   361 | D:1      | Reached ** piety under Trog
   374 | D:1      | Reached skill level 3 in Fighting
   379 | D:2      | You fall into a shaft and drop 1 floor!
   379 | D:3      | Found a white marble altar of Elyvilon.
   393 | D:3      | Reached skill level 4 in Unarmed Combat
   442 | D:3      | Found a blossoming altar of Fedhas.
   500 | D:5      | Entered Level 5 of the Dungeon
   501 | D:5      | Noticed a shadow
   551 | D:3      | Reached XP level 4. HP: 35/45 MP: 3/3
  1313 | D:2      | Noticed Robin
  1338 | D:2      | Killed Robin
  1692 | D:2      | Found a glowing golden altar of the Shining One.
  1774 | D:3      | Reached *** piety under Trog
  1780 | D:3      | Reached skill level 5 in Unarmed Combat
  1933 | D:2      | Reached XP level 5. HP: 51/53 MP: 4/4
  1981 | D:2      | Found a faded altar of an unknown god.
  2329 | D:4      | Noticed a black bear
  2518 | D:4      | Reached skill level 6 in Unarmed Combat
  2518 | D:4      | Reached XP level 6. HP: 61/61 MP: 5/5
  2847 | D:4      | Reached skill level 7 in Unarmed Combat
  3016 | D:4      | Reached XP level 7. HP: 66/67 MP: 6/6
  3173 | D:5      | Noticed Blork the orc
  3188 | D:4      | Killed Blork the orc
  3208 | D:4      | Reached **** piety under Trog
  3385 | D:5      | Found a shimmering blue altar of Sif Muna.
  3386 | D:5      | Found an ancient bone altar of Kikubaaqudgha.
  3387 | D:5      | Found a radiant altar of Vehumet.
  3414 | D:5      | Found a staircase to the Ecumenical Temple.
  3670 | D:5      | Reached skill level 8 in Unarmed Combat
  3682 | D:5      | Identified the +1 leather armour "Vedduid" {rPois rN+
                  | Will++}
  4025 | D:5      | Reached skill level 4 in Fighting
  4546 | D:5      | Killed a shadow
  4547 | D:5      | Reached skill level 1 in Slings
  4547 | D:5      | Reached XP level 8. HP: 78/78 MP: 7/7
  4601 | D:5      | Reached skill level 9 in Unarmed Combat
  4896 | D:6      | Found a sacrificial altar of Ru.
  4898 | D:6      | Found a glowing golden altar of the Shining One.
  5129 | Temple   | Entered the Ecumenical Temple
  5543 | D:7      | Found a snail-covered altar of Cheibriados.
  5556 | D:7      | Noticed a two-headed ogre
  5561 | D:7      | Reached skill level 10 in Unarmed Combat
  5567 | D:7      | Killed a two-headed ogre
  5568 | D:7      | Reached skill level 2 in Slings
  5568 | D:7      | Reached XP level 9. HP: 57/85 MP: 8/8
  5863 | D:7      | Reached skill level 11 in Unarmed Combat
  5924 | D:7      | Found a sparkling altar of Nemelex Xobeh.
  5945 | D:7      | Noticed Joseph
  5949 | D:7      | Noticed Menkaure
  5969 | D:7      | HP: 13/130 [??? (11)]
  5975 | D:7      | Killed Menkaure
  5977 | D:7      | HP: 8/87 [wyvern (16)]
  5978 | D:7      | HP: 1/87 [wyvern (8)]
  5978 | D:7      | Mangled by an orc warrior

Illustrated notes

Levels and vault maps discovered:
D:1:      eino_arrival_cavern_e, layout_loops_ring, minmay_indecisive_spiral
D:2:      layout_loops_ring, chequers_ecumenical_altar_simple_redux,
          basic_altar, minmay_pentomino_s4, uniq_robin
D:3:      layout_rooms, overflow_temple_1_default,
          mainiacjoe_overflow_tiny_flanked
D:4:      layout_basic, nicolae_ossuary_entry_plus, portal_sewer_entry_c,
          dk_noncrumbling_4, minmay_door_square
D:5:      layout_layer_cave, grunt_temple_overflow_magic_moments,
          minmay_temple_entry_statues, roderic_roman_lattice, uniq_blork_the_orc
D:6:      layout_rooms, mainiacjoe_overflow_catwalk_spiral
D:7:      layout_basic, mainiacjoe_overflow_small_starburst,
          lemuel_coloured_pillars_altar, uniq_joseph, uniq_menkaure
D:8:      layout_loops_ring, uniq_pikel
Temple:   minmay_temple_bridge_abc

Skill      XL: |  1  2  3  4  5  6  7  8  9 |
---------------+----------------------------+-----
Fighting       | 3 4 |  4.9
Unarmed Combat | 4 5 6 7 8 10 11 | 11.3
Slings         | 1 2 |  2.0
Throwing       | |  0.3
Dodging        | |  2.4

Action                   |  1- 3 |  4- 6 |  7- 9 || total
-------------------------+-------+-------+-------++-------
Melee: Unarmed           |   101 |   182 |   129 ||   412
       Punch             |     1 |     1 |    14 ||    16
 Fire: Hunting sling     |       |       |     5 ||     5
Throw: Stone             |       |     5 |     5 ||    10
Invok: Berserk           |       |     1 |     2 ||     3
       Trog's Hand       |       |       |     1 ||     1
       Brothers in Arms  |       |       |     1 ||     1
Evoke: Wand              |       |     7 |     4 ||    11
  Use: Scroll            |       |     3 |     8 ||    11
       Potion            |       |     3 |       ||     3
 Stab: Sleeping          |       |     1 |       ||     1
Armor: Animal skin       |    32 |    53 |    49 ||   134
Dodge: Dodged            |    46 |    86 |    65 ||   197
